 Dungeon Crawl Stone Soup version 0.29.1-2-gbd0b4ee654 (webtiles) character file.

Game seed: 6797619253636995933

266 safid the Shooter (level 6, 0/56 HPs)
             Began as a Minotaur Hunter on Nov 17, 2022.
             Succumbed to a gnoll's poison
             ... on level 4 of the Dungeon.
             The game lasted 00:03:39 (2554 turns).

safid the Shooter (Minotaur Hunter)                 Turns: 2554, Time: 00:03:40

Health: 0/56       AC:  8    Str: 15    XL:     6   Next: 0%
Magic:  5/5        EV: 10    Int:  6    God:
Gold:   127        SH:  0    Dex: 16    Spells: 5/5 levels left

rFire   . . .      SeeInvis .   a - +0 shortbow
rCold   . . .      Faith    .   (shield currently unavailable)
rNeg    . . .      Spirit   .   n - +0 scale mail
rPois   .          Reflect  .   (helmet restricted)
rElec   .          Harm     .   (no cloak)
rCorr   .          Rampage  .   d - +0 pair of gloves
Will    .....                   k - +0 pair of boots
Stlth   ..........              (no amulet)
HPRegen 0.18/turn               (no ring)
MPRegen 0.09/turn               (no ring)

@: lethally poisoned (0 -> -36)
A: horns 2, retaliatory headbutt
a: no special abilities


You were on level 4 of the Dungeon.
You visited 1 branch of the dungeon, and saw 5 of its levels.

You collected 127 gold pieces.

Inventory:

Hand Weapons
 a - a +0 shortbow (weapon)
Missiles
 e - 2 throwing nets
Armour
 d - a +0 pair of gloves (worn)
 k - a +0 pair of boots (worn)
 n - a +0 scale mail (worn)
Scrolls
 b - a scroll of fog {unknown}
 f - a scroll of amnesia {unknown}
 g - a scroll of noise {unknown}
 i - 5 scrolls of identify {unknown}
 j - a scroll of enchant armour {unknown}
 l - 3 scrolls of teleportation {unknown}
 m - a scroll of vulnerability {unknown}
 p - 3 scrolls of enchant weapon {unknown}
 q - a scroll of silence {unknown}
 s - a scroll of fear {unknown}
Potions
 c - 2 potions of flight {unknown}
 h - a potion of brilliance {unknown}
 o - 2 potions of attraction {unknown}
 r - a potion of curing {unknown}


   Skills:
 + Level 5.6 Fighting
 + Level 6.4 Ranged Weapons
 - Level 2.1 Dodging
 - Level 0.7 Stealth


You had 5 spell levels left.
You didn't know any spells.
Your spell library was empty.

Dungeon Overview and Level Annotations

Branches:
Dungeon (5/15)
 Temple: D:4-7

Altars:
Elyvilon


Innate Abilities, Weirdness & Mutations

You have a pair of horns on your head.
You reflexively headbutt those who attack you in melee.


Message History

No target in view!
No target in view!
HP restored.
You see here a +1 flail of draining.
You can't go down here!
There is a stone staircase leading down, spattered with blood here.
You climb downwards.
The gnoll barely misses you. You furiously retaliate!
You headbutt the gnoll! The gnoll hits you with a +0 flail!
There is a stone staircase leading up, spattered with blood here.
You shoot an arrow. The arrow hits the gnoll!
You kill the gnoll!
The dart slug launches a dart at you. The slug dart hits you.
You shoot an arrow. The arrow hits the dart slug.
The dart slug is severely wounded.
The dart slug launches a dart at you. The slug dart hits you.
You shoot an arrow.
The arrow completely misses the dart slug.
The dart slug launches a dart at you.
The slug dart hits you but does no damage.
You shoot an arrow. The arrow hits the dart slug!
You kill the dart slug!
You have reached level 6!
You shoot an arrow. The arrow closely misses the gnoll.
The gnoll hits you from afar with a +0 halberd of venom!
You are poisoned.
You shoot an arrow. The arrow barely misses the gnoll.
You feel very sick. The gnoll barely misses you.
You shoot an arrow. The arrow hits the gnoll!
The gnoll is severely wounded.
You feel very sick.
The gnoll hits you from afar with a +0 halberd of venom!
You are more poisoned.
The gnoll hits you from afar with a +0 halberd of venom!
* * * LOW HITPOINT WARNING * * *
You are more poisoned.
You are too injured to fight recklessly!
You die...

##.##....... ...........
##.........# .
.........# ..
........### #
....####.......#.##..#
....#..#......g.@...#
#.............###)..#
......<###...##.#.......
......##................
#.....##..##.#..........
#.......g..#...##.......
#...#......# ... ....#..
#...#..g#...##.g#^...##.
##......#.......#


You could see a gnoll.

Vanquished Creatures
  A hound (D:3)
  Natasha (thrice) (D:2)
  6 gnolls
  6 adders
  A white imp (D:5)
  A dart slug (D:4)
  2 orcs (D:3)
  3 ball pythons
  5 endoplasms (D:1)
  3 giant cockroaches
  4 goblins
  4 hobgoblins
  3 kobolds
  A quokka (D:1)
  3 bats
  5 frilled lizards
  2 rats
53 creatures vanquished.

Vanquished Creatures (others)
  2 plants (D:2)
2 creatures vanquished.

Grand Total: 55 creatures vanquished

Notes
Turn   | Place    | Note
-------+----------+-------------------------------------------
     0 | D:1      | safid the Minotaur Hunter began the quest for the Orb.
     0 | D:1      | Reached XP level 1. HP: 18/18 MP: 0/0
   150 | D:1      | Reached XP level 2. HP: 25/25 MP: 1/1
   639 | D:2      | Reached skill level 5 in Ranged Weapons
   639 | D:2      | Reached XP level 3. HP: 31/31 MP: 2/2
   652 | D:2      | Found a faded altar of an unknown god.
   721 | D:2      | Noticed Natasha
   730 | D:2      | Killed Natasha
   877 | D:2      | Reached XP level 4. HP: 40/40 MP: 3/3
  1003 | D:2      | Found a white marble altar of Elyvilon.
  1115 | D:2      | Noticed Natasha
  1120 | D:2      | Killed Natasha
  1178 | D:2      | Noticed Natasha
  1192 | D:2      | Killed Natasha
  1667 | D:2      | Reached XP level 5. HP: 47/47 MP: 4/4
  1813 | D:3      | You fall into a shaft and drop 2 floors!
  1813 | D:5      | Entered Level 5 of the Dungeon
  2019 | D:3      | Reached skill level 5 in Fighting
  2019 | D:3      | Reached skill level 6 in Ranged Weapons
  2551 | D:4      | Reached XP level 6. HP: 41/56 MP: 5/5
  2554 | D:4      | Succumbed to a gnoll's poison

Illustrated notes

Levels and vault maps discovered:
D:1:      minmay_arrival_five_plusses, layout_rooms, nrook_uturn,
          minmay_misc_feat_hallway, minmay_misc_feat_tiny
D:2:      layout_basic, serial_forest, infiniplex_forest_clump_C,
          infiniplex_forest_lined_2, infiniplex_forest_pool,
          infiniplex_forest_clump_diagonal, infiniplex_forest_lined_corner,
          shapermc_ecumenical_altar_totnotflames, basic_altar, uniq_natasha
D:3:      layout_rooms, chequers_serial_rivers_room_b
D:4:      layout_cave_pools, mainiacjoe_overflow_alcove_4, uniq_sigmund,
          uniq_pikel
D:5:      layout_basic, minmay_temple_entry_fiery, grunt_ministairs_1

Skill      XL: |  1  2  3  4  5 |
---------------+----------------+-----
Fighting       | 3 4 5 |  5.6
Ranged Weapons | 5 6 |  6.4
Dodging        | |  2.1
Stealth        | |  0.7

Action                   |  1- 3 |  4- 6 || total
-------------------------+-------+-------++-------
 Fire: Shortbow          |    70 |    84 ||   154
Armor: Leather armour    |     2 |       ||     2
       Scale mail        |     4 |    35 ||    39
Dodge: Dodged            |    20 |    46 ||    66
